 Dungeon Crawl Stone Soup version 0.30-a0-1160-g6e42c06551 (webtiles) character file.

Game seed: 18052082629178248441

3691 bearlyready the Carver (level 10, -1/54 HPs)
             Began as a Tengu Fighter on Apr 26, 2023.
             Was a Follower of Hepliaklqana.
             Slain by an orc warrior
             ... wielding a +0 glaive
              (25 damage)
             ... in a bailey.
             The game lasted 00:11:36 (6656 turns).

bearlyready the Carver (Tengu Fighter)              Turns: 6656, Time: 00:11:37

Health: -1/54      AC: 16    Str: 18    XL:     10   Next: 13%
Magic:  11/11      EV: 10    Int: 12    God:    Hepliaklqana [*.....]
Gold:   345        SH: 10    Dex: 20    Spells: 9/9 levels left

rFire   . . .        p - +5 short sword (flame)
rCold   . . .        c - +0 buckler
rNeg    . . .        o - +1 scale mail {rPois}
rPois   +            (helmet restricted)
rElec   +            r - +2 cloak {rCorr}
rCorr   +            f - +0 pair of gloves
SInv    .            (boots unavailable)
Will    +....        M - amulet of the Mutiny {Reflect Int+2 SH+5} Stlth
                     s - ring of willpower
HPRegen 0.29/turn    b - ring "Ampiap" {rElec AC+4 Int+2 Dex+3}
MPRegen 0.12/turn

%: reflection
@: flying quickly and evasively, quick
A: reduced essence, beak, talons 3, nimble flight
a: Renounce Religion, Recall Ancestor, Ancestor Identity


You were in a bailey.
You worshipped Hepliaklqana.
Hepliaklqana was aware of your devotion.
You visited 1 branch of the dungeon, and saw 7 of its levels.
You also visited: Sewer, Ossuary and Bailey.

You collected 506 gold pieces.
You spent 161 gold pieces at shops.

Inventory:

Hand Weapons
 a - a +0 long sword
 p - a +5 short sword of flaming (weapon)
 H - a +2 rapier of holy wrath
Missiles
 m - 4 poisoned darts
 z - 5 boomerangs (quivered)
 B - 2 throwing nets
Armour
 c - a +0 buckler (worn)
 f - a +0 pair of gloves (worn)
 h - the +7 chain mail of Compression {rPois rC- Will+}
   (You found it on level 3 of the Dungeon)

   rC:        It makes you vulnerable to cold.
   rPois:     It protects you from poison.
   Will:      It increases your willpower.
 i - a +2 leather armour of willpower
 o - a +1 scale mail of poison resistance (worn)
 r - a +2 cloak of preservation (worn)
Jewellery
 b - the ring "Ampiap" (right hand) {rElec AC+4 Int+2 Dex+3}
   (You found it on level 3 of the Dungeon)

   [ring of protection]

   AC:        It affects your AC (+4).
   Int:       It affects your intelligence (+2).
   Dex:       It affects your dexterity (+3).
   rElec:     It insulates you from electricity.
 s - a ring of willpower (left hand)
 F - the amulet of Elemental Vulnerability {rPois rF-- rC-- AC+8}
   (You found it on level 5 of the Dungeon)

   [amulet of nothing]

   AC:        It affects your AC (+8).
   rF:        It makes you very vulnerable to fire.
   rC:        It makes you very vulnerable to cold.
   rPois:     It protects you from poison.
 M - the amulet of the Mutiny (around neck) {Reflect Int+2 SH+5}
   (You bought it in a shop on level 7 of the Dungeon)

   [amulet of reflection]

   It reflects blocked missile attacks.
   Int:       It affects your intelligence (+2).
   SH:        It affects your SH (+5).
Wands
 t - a wand of acid (8)
 D - a wand of polymorph (7)
 I - a wand of flame (24)
Scrolls
 e - a scroll of immolation {unknown}
 g - 2 scrolls of enchant armour
 j - 2 scrolls of poison
 v - 2 scrolls of fear {unknown}
 w - 2 scrolls of amnesia {unknown}
 x - a scroll of magic mapping {unknown}
 y - a scroll of teleportation
 A - a scroll of torment {unknown}
 G - 2 scrolls of enchant weapon
 J - 2 scrolls of identify {unknown}
Potions
 d - 3 potions of might
 k - a potion of invisibility {unknown}
 l - 2 potions of haste
 n - 6 potions of flight
 q - 6 potions of curing
 u - a potion of attraction {unknown}
 C - 2 potions of magic {unknown}
 E - a potion of ambrosia {unknown}
 K - a potion of brilliance {unknown}
 L - 2 potions of lignification {unknown}
 N - a potion of resistance {unknown}


   Skills:
 + Level 6.9 Fighting
 + Level 12.4 Long Blades
 - Level 3.2 Armour
 - Level 3.0 Shields
 + Level 6.0 Evocations


You had 9 spell levels left.
You didn't know any spells.
Your spell library contained the following spells:

 Spells                   Type           Power      Damage    Failure   Level
 Apportation              Tloc           0%         N/A       78%         1
 Magic Dart               Conj           0%         1d3       78%         1
 Necrotise                Necr           0%         1d4       78%         1
 Summon Small Mammal      Summ           0%         N/A       78%         1
 Call Imp                 Summ           0%         N/A       89%         2
 Mephitic Cloud           Conj/Pois/Air  0%         N/A       98%         3


Dungeon Overview and Level Annotations

Branches:
Dungeon (7/15)             Temple (0/1) D:7           Sewer (visited)
Ossuary (visited)          Bailey (1/1)

Altars:
Ashenzari
Elyvilon
Gozag
Hepliaklqana
Trog
Uskayaw
Wu Jian
Xom

Shops:
D:2 =   D:5 [=*=   D:7 *

Annotations:
D:3 1 runed translucent door, geeko55's ghost, amateur GrEE Bailey 2 runed translucent doors


Innate Abilities, Weirdness & Mutations

Your life essence is reduced to manifest your ancestor. (-10% HP)
You have a beak for a mouth.
You have claws for feet.
Your magical nature lets you fly swiftly and evasively.


Message History

The orc warrior is severely wounded.
The bolt of acid hits the orc warrior!!
The acid corrodes the orc warrior!
The orc warrior is severely wounded.
The bolt of acid hits the orc!
The acid corrodes the orc!
You kill the orc!
Servius hits the orc knight!
The orc warrior hits you with a +0 glaive!
You block the orc warrior's attack.
The orc knight hits you but does no damage.
Servius misses the orc knight.
The orc warrior closely misses you.
The orc knight hits you from afar with a +0 trident.
Servius barely misses the orc knight.
Aiming: Corrosive Bolt
Press: ? - help, Shift-Dir - straight line, f/p - orc warrior
Aim: an orc warrior, wielding a +0 glaive and wearing a +0 chain mail (severely wounded, strong, 71% to hit)
The bolt of acid hits the orc warrior!
The acid corrodes the orc warrior!
You kill the orc warrior!
The bolt of acid hits the orc warrior!!
The orc warrior seems to be corroded for longer.
You kill the orc warrior!
Servius closely misses the orc knight.
You have reached level 10!
Servius remembers more of his old skill.
Aiming: Corrosive Bolt
Press: ? - help, Shift-Dir - straight line, f - orc knight
Aim: an orc knight, wielding a +0 trident and wearing a +0 scale mail (almost dead, covered in acid, ally target, 67% to hit)
The bolt of acid hits the orc knight!
The orc knight seems to be corroded for longer.
You kill the orc knight!
Your Evocations skill increases to level 6!
Servius hits the orc warrior.
You block the orc warrior's attack.
Things that are here:
a +0 trident; a +0 scale mail You hit the orc warrior but do no damage.
The orc warrior is lightly wounded.
Servius hits the orc warrior but does no damage.
Servius closely misses the orc warrior.
The orc warrior hits you with a +0 glaive!!
You die...

.... .. #... ...
#..# #++#
#..##....
#.)#..... #o.#..#
#).#e.# #@R# #
#)o# .#
#.)########..#
##.).8....8...# #
#...)..........
##.#$.####''####.
#..####........#
#........)........
#♣....♣...........


You could see the friendly Servius the ancestor, a deep elf zephyrmancer, an orc
warrior (strong, ally target) and an orc.

Vanquished Creatures
  An orc knight (Bailey)
  A vampire (D:6)
  A wyvern (D:6)
  Edmund (D:4)
  A water moccasin (D:6)
  4 orc warriors
  3 ice beasts (D:5)
  A black bear (D:7)
  An ogre (D:5)
  2 centaurs
  2 phantoms (D:5)
  Blork the orc (D:4)
  A bullfrog (D:6)
  2 scorpions
  4 water moccasin zombies (Ossuary)
  2 jellies
  Crazy Yiuf (D:4)
  An orc priest (D:5)
  A gnoll bouda (D:4)
  5 hounds
  2 sleepcaps
  2 iguanas
  Natasha (twice) (D:4)
  3 orc wizards
  2 mummies (Ossuary)
  7 gnolls
  17 adders
  5 river rats
  A white imp (D:6)
  An ufetubus (D:5)
  2 adder zombies (Ossuary)
  5 worms
  3 dart slugs (D:4)
  19 orcs
  25 ball pythons
  14 bats
  6 endoplasms
  8 giant cockroaches
  8 goblins
  8 hobgoblins
  9 jackals
  9 quokkas
  4 frilled lizards
  2 gnoll zombies (Ossuary)
  3 hobgoblin zombies (Ossuary)
  6 kobolds
  13 kobold zombies (Ossuary)
  2 orc zombies (Ossuary)
  7 rats
231 creatures vanquished.

Vanquished Creatures (collateral kills)
  An orc warrior (D:6)
  A scorpion (D:6)
  2 orcs
4 creatures vanquished.

Grand Total: 235 creatures vanquished

Notes
Turn   | Place    | Note
-------+----------+-------------------------------------------
     0 | D:1      | bearlyready the Tengu Fighter began the quest for the Orb.
     0 | D:1      | Reached XP level 1. HP: 14/14 MP: 2/2
    35 | D:1      | Reached XP level 2. HP: 15/19 MP: 3/3
    68 | D:1      | Reached skill level 3 in Long Blades
   352 | D:1      | Reached XP level 3. HP: 22/23 MP: 4/4
   548 | D:1      | Found a faded altar of an unknown god.
   807 | D:2      | Reached skill level 4 in Long Blades
   897 | D:2      | Found Gubretuq's Jewellery Shoppe.
  1171 | D:2      | Reached XP level 4. HP: 20/28 MP: 5/5
  1546 | D:3      | Reached skill level 5 in Long Blades
  1763 | D:3      | Found a runed translucent door.
  1763 | D:3      | Noticed geeko55's ghost (amateur GrEE)
  1981 | D:3      | Found a faded altar of an unknown god.
  1985 | D:3      | Found a broken altar of Ashenzari.
  2110 | D:3      | Gained mutation: Your magical nature lets you fly swiftly
                  | and evasively. [Tengu growth]
  2110 | D:3      | Reached XP level 5. HP: 32/32 MP: 6/6
  2117 | D:3      | Identified the ring "Ampiap" {rElec AC+4 Int+2 Dex+3}
  2183 | D:3      | Identified the +7 chain mail of Compression {rPois rC-
                  | Will+}
  2463 | D:4      | Reached skill level 6 in Long Blades
  2564 | D:4      | Reached XP level 6. HP: 37/37 MP: 7/7
  2586 | D:4      | Found a glowing drain.
  2590 | Sewer    | Entered a sewer
  2715 | Sewer    | Reached skill level 7 in Long Blades
  3204 | D:4      | Noticed Edmund
  3238 | D:5      | Entered Level 5 of the Dungeon
  3356 | D:5      | Found a hazy altar of Hepliaklqana.
  3365 | D:5      | Reached skill level 8 in Long Blades
  3365 | D:5      | Reached XP level 7. HP: 41/41 MP: 8/8
  3621 | D:4      | Killed Edmund
  3622 | D:4      | Reached skill level 9 in Long Blades
  3701 | D:4      | Found a runed translucent door.
  3702 | D:4      | Noticed Crazy Yiuf
  3828 | D:4      | Noticed Natasha
  3831 | D:4      | Killed Natasha
  3925 | D:4      | Noticed Blork the orc
  3937 | D:4      | Killed Blork the orc
  3993 | D:4      | Found an opulent altar of Gozag.
  4101 | D:4      | Noticed Natasha
  4109 | D:4      | Killed Natasha
  4251 | D:4      | Killed Crazy Yiuf
  4252 | D:4      | Reached XP level 8. HP: 38/46 MP: 9/9
  4345 | D:5      | Reached skill level 10 in Long Blades
  4396 | D:5      | Became a worshipper of Hepliaklqana the Forgotten
  4698 | D:5      | Found an ornate altar of the Wu Jian Council.
  4750 | D:5      | Reached skill level 1 in Evocations
  4997 | D:5      | Found the amulet of Elemental Vulnerability {rPois rF--
                  | rC-- AC+8}
  5040 | D:5      | Found Piraxt's Antique Armour Boutique.
  5042 | D:5      | Found Vylarch's Assorted Antiques.
  5044 | D:5      | Found Oskan's Jewellery Emporium.
  5044 | D:5      | Found Homosuw's Jewellery Boutique.
  5144 | D:5      | Bought a potion of curing for 66 gold pieces
  5248 | D:5      | Reached skill level 11 in Long Blades
  5345 | D:6      | Reached * piety under Hepliaklqana
  5397 | D:5      | Reached XP level 9. HP: 32/46 MP: 7/10
  5595 | D:6      | Found a white marble altar of Elyvilon.
  5619 | D:6      | Reached skill level 5 in Fighting
  6035 | D:6      | Found a shimmering altar of Xom.
  6089 | D:7      | Found a hide-covered altar of Uskayaw.
  6153 | D:7      | Found a bloodstained altar of Trog.
  6231 | D:7      | Found Heriuwke's Assorted Antiques.
  6279 | D:7      | Found a sand-covered staircase.
  6290 | Ossuary  | Entered an ossuary
  6339 | Ossuary  | Reached skill level 5 in Evocations
  6418 | Ossuary  | Reached skill level 12 in Long Blades
  6488 | D:7      | Bought a sparkling golden amulet for 95 gold pieces
  6488 | D:7      | Identified the amulet of the Mutiny {Reflect Int+2 SH+5}
                  | (You bought it in a shop on level 7 of the Dungeon)
  6496 | D:7      | Found a staircase to the Ecumenical Temple.
  6580 | D:7      | Found a flagged portal.
  6589 | Bailey   | Entered a bailey
  6637 | Bailey   | Noticed an orc knight
  6644 | Bailey   | Found a large runed translucent door.
  6644 | Bailey   | Found a large runed translucent door.
  6644 | Bailey   | Noticed a deep elf zephyrmancer
  6652 | Bailey   | Reached XP level 10. HP: 23/54 MP: 11/11
  6652 | Bailey   | Killed an orc knight
  6656 | Bailey   | Slain by an orc warrior

Illustrated notes

Levels and vault maps discovered:
D:1:      amcnicky_arrival_double_pillar, layout_basic,
          hellmonk_ecumenical_altar_leap_of_faith
D:2:      layout_loops_ring, serial_shops, shop, chequers_mini_garden
D:3:      layout_basic, nicolae_overflow_ecumenical_swirl,
          hellmonk_ghost_happy_afterlife, eino_tiny_chamber
D:4:      layout_loops_ring, nicolae_gozag_cash_rules_everything_around_me,
          gup_sewer_entry_spiral, uniq_crazy_yiuf_cottage, uniq_edmund,
          uniq_natasha, uniq_blork_the_orc
D:5:      layout_loops_ring, mainiacjoe_overflow_catwalk, marbit_many_paths,
          nicolae_wooded_promenade
D:6:      layout_basic, lemuel_crystal_altar,
          mainiacjoe_overflow_six_doors_small
D:7:      layout_basic, eat_drink_and_be_merry_uskayaw,
          mainiacjoe_overflow_alcove_2, minmay_temple_entry_hall,
          chequers_ossuary_entry_cave, enter_bailey_2, serial_shops, shop,
          kennysheep_crisscross
Bailey:   bailey_polearm_elven_captive_hellmonk, bailey

Skill      XL: |  1  2  3  4  5  6  7  8  9 10 |
---------------+-------------------------------+-----
Long Blades    | 3 4 5 6 8 9 11 12 | 12.4
Evocations     | 3 5 6 |  6.0
Fighting       | 4 6 |  6.9
Armour         | |  3.2
Shields        | |  3.0

Action                     |  1- 3 |  4- 6 |  7- 9 | 10-12 || total
---------------------------+-------+-------+-------+-------++-------
  Melee: Long sword        |    89 |    61 |       |       ||   150
         Kick              |    20 |    54 |   104 |       ||   178
         Peck              |     9 |    28 |    69 |       ||   106
         Short sword       |       |   174 |   314 |     1 ||   489
  Throw: Boomerang         |       |       |     1 |       ||     1
 Invoke: Recall Ancestor   |       |       |     3 |       ||     3
  Evoke: Wand              |       |       |     8 |     1 ||     9
    Use: Scroll            |       |       |     7 |       ||     7
         Potion            |       |       |     2 |       ||     2
   Stab: Distracted        |       |       |     1 |       ||     1
 Armour: Scale mail        |    45 |    99 |   116 |       ||   260
  Dodge: Dodged            |    43 |   110 |   107 |       ||   260
  Block: Buckler           |    23 |    63 |    68 |     1 ||   155

Table legend: (Time is in decaauts)
 A = Elapsed time spent in this place.
 B = Non-inter-level travel time spent in this place.
 C = Inter-level travel time spent in this place.
 D = Time resting spent in this place.
 E = Time spent auto-exploring this place.
 F = Levels seen in this place.
 G = Mean time per level.
                   A        B        C        D        E       F      G
               +--------+--------+--------+--------+--------+-----+--------+
         Total |   6255 |   5960 |    295 |    283 |   4101 |  10 |  625.5 |
       Dungeon |   5618 |   5323 |    295 |    283 |   3750 |   7 |  802.6 |
         Sewer |    445 |    445 |      0 |      0 |    267 |   1 |  445.0 |
       Ossuary |    132 |    132 |      0 |      0 |     53 |   1 |  132.0 |
        Bailey |     58 |     58 |      0 |      0 |     30 |   1 |   58.0 |
               +--------+--------+--------+--------+--------+-----+--------+

Top non-repeatable levels by time:
     D:5: 1253 daAuts
     D:4: 989 daAuts
     D:3: 924 daAuts
     D:1: 793 daAuts
     D:2: 771 daAuts
     D:6: 567 daAuts
   Sewer: 445 daAuts
     D:7: 319 daAuts
 Ossuary: 132 daAuts
  Bailey: 58 daAuts
